 Dungeon Crawl Stone Soup version 0.31-a0-276-ge00219d475 (webtiles) character file.

Game seed: 6102992974850453771

20053 AIAndy the Mimic (level 12, -7/114 HPs)
             Began as a Troll Shapeshifter on July 15, 2023.
             Was a High Priest of Cheibriados.
             Mangled by a red ugly thing (12 damage)
             ... on level 12 of the Dungeon.
             The game lasted 00:40:01 (9751 turns).

AIAndy the Mimic (Troll Shapeshifter)               Turns: 9751, Time: 00:40:02

Health: -7/114     AC:  5    Str: 43    XL:     12   Next: 42%
Magic:  14/14      EV: 15    Int: 17    God:    Cheibriados [*****.]
Gold:   666        SH:  5    Dex: 29    Spells: 11/11 levels left

rFire   . .          .
                       - Unarmed
rCold   . . .        (no shield)
rNeg    . . .        a - melded +0 animal skin
rPois   +            (helmet restricted)
rElec   .            E - +2 cloak
rCorr   .            (gloves unavailable)
SInv    .            (boots unavailable)
Will    .....        e - amulet of reflection
Stlth   ++           X - +6 ring of dexterity
HPRegen 1.19/turn    P - ring of poison resistance
MPRegen 0.14/turn

%: reflection
@: maw-form, very slow
A: devouring maw, large, unfitting armour, claws 3, regeneration 1, shaggy fur
1, tough skin 1
a: Begin Untransformation, Renounce Religion, Bend Time, Temporal Distortion,
Slouch, Step From Time


You were on level 12 of the Dungeon.
You worshipped Cheibriados.
Cheibriados was extremely pleased with you.
You were a creature with a mouth for a stomach.
You visited 1 branch of the dungeon, and saw 12 of its levels.

You collected 797 gold pieces.
You spent 131 gold pieces at shops.


Innate Abilities, Weirdness & Mutations

You are a creature with a mouth for a stomach.
Your midsection houses a second, enormous mouth.
You are too large for most types of armour.
You have claws for hands.
Your natural rate of healing is unusually fast.
You are covered in fur. (AC +1)
You have tough skin. (AC +1)


   Skills:
 + Level 6.2 Fighting
 + Level 6.2 Dodging
 + Level 8.7 Unarmed Combat
 + Level 5.3 Invocations
 - Level 13.0 Shapeshifting


You had 11 spell levels left.
You didn't know any spells.
Your spell library contained the following spells:

 Spells                   Type           Power      Damage    Failure   Level
 Sandblast                Erth           0%         2d4       24%         1
 Slow                     Hex            0%         N/A       24%         1
 Passwall                 Tmut/Erth      0%         N/A       34%         2
 Call Canine Familiar     Summ           0%         N/A       56%         3
 Confusing Touch          Hex            0%         N/A       56%         3
 Portal Projectile        Hex/Tloc       0%         N/A       56%         3
 Stone Arrow              Conj/Erth      0%         3d7       56%         3
 Tukima's Dance           Hex            0%         N/A       56%         3
 Vampiric Draining        Necr           0%         2d6       56%         3
 Vhi's Electric Charge    Tloc/Air       0%         N/A       56%         3
 Iskenderun's Mystic Bla  Conj/Tloc      0%         2d3       93%         4
 Leda's Liquefaction      Hex/Erth       0%         N/A       93%         4
 Arcjolt                  Conj/Air       0%         1d10      100%        5
 Plasma Beam              Fire/Air       0%         2x1d10    100%        6

Inventory:

Missiles
 b - 11 boomerangs (quivered)
 r - a throwing net {=f}
 H - a curare-tipped dart {=f}
Armour
 a - a +0 animal skin (melded)
 i - a +0 troll leather armour
 n - a +1 robe of fire resistance
 E - a +2 cloak (worn)
 K - +0 steam dragon scales
Jewellery
 e - an amulet of reflection (around neck)
 w - a ring of magical power
 F - a ring of fire
 I - a +6 ring of intelligence
 P - a ring of poison resistance (right claw)
 X - a +6 ring of dexterity (left claw)
Talismans
 c - a beast talisman
 u - a maw talisman
Wands
 q - a wand of polymorph (2)
 x - a wand of roots (2)
 y - a wand of charming (7)
Scrolls
 d - 2 scrolls of teleportation {@r4}
 f - a scroll of silence {unknown}
 k - 6 scrolls of enchant armour
 v - a scroll of blinking {unknown}
 z - a scroll of enchant weapon {unknown}
 A - a scroll of revelation
 C - 2 scrolls of immolation {!r}
 G - a scroll of fog
 J - a scroll of amnesia
 L - 2 scrolls of summoning
 O - a scroll of torment {unknown}
Potions
 g - 4 potions of curing {@q1}
 h - a potion of might
 j - 2 potions of magic
 l - a potion of heal wounds {@q2}
 m - a potion of cancellation {unknown}
 o - a potion of enlightenment {unknown}
 p - 5 potions of attraction {!q}
 s - a potion of mutation {unknown}
 t - a potion of berserk rage {unknown}
 B - a potion of ambrosia
 D - a potion of resistance {unknown}
 M - 2 potions of brilliance {unknown}
 N - a potion of invisibility {unknown}
Miscellaneous
 Q - a phial of floods

Dungeon Overview and Level Annotations

Branches:
Dungeon (12/15)            Temple (0/1) D:7            Lair (0/5) D:9
    Orc: D:9-12

Altars:
Cheibriados
Dithmenos
Fedhas
Okawaru
Qazlal
Ru
Uskayaw
Vehumet
Xom
Zin

Shops:
D:6 *   D:9 *   D:11 **

Annotations:
D:3 Sigmund
D:5 2 runed translucent doors, Tutankhamun's ghost, novice DsBe

#... #.## #.# ############
#.# #..........# #.#
.########.########.#####.#
.....................>...#
##################.##.#####
#.....Wu.....#.#......(
######.########.....#.......
#..........# ...#.......
#..........# ....#.......
#..........# .....##.#####
#..........# #.........
#(.........# #.#
#####.....## #.....#


You could see a red ugly thing.


Message History

A red ugly thing comes into view.
The troll bites you! The troll closely misses you.
You block the troll's attack. The troll bites you! The troll claws you!
The troll claws you.
You scratch the troll. You claw the troll!
The troll is moderately wounded.
The troll bites you! The troll closely misses you. x2
You mangle the troll!!
You devour the troll!
You feel better.
You kill the troll!
Cheibriados thoroughly appreciates the change of pace.
The red ugly thing claws you.
You are engulfed in flames!!
The red ugly thing claws you!
* * * LOW HITPOINT WARNING * * *
You are engulfed in flames!!
* * * LOW HITPOINT WARNING * * *
You are too injured to fight recklessly!
You are too injured to fight recklessly!
You are too injured to fight recklessly!
You mangle the red ugly thing!! Your bite misses the red ugly thing.
The red ugly thing is moderately wounded.
The red ugly thing claws you!
* * * LOW HITPOINT WARNING * * *
You are engulfed in flames!
* * * LOW HITPOINT WARNING * * *
You mangle the red ugly thing!! You bite the red ugly thing.
The red ugly thing is severely wounded.
The red ugly thing claws you!
* * * LOW HITPOINT WARNING * * *
You are engulfed in flames!
You die...

Skill      XL: |  1  2  3  4  5  6  7  8  9 10 11 12 |
---------------+-------------------------------------+-----
Unarmed Combat | 3 4 6 8 |  8.7
Shapeshifting  | 4 6 7 9 12 13 | 13.0
Fighting       | 3 5 6 |  6.2
Dodging        | 3 5 6 |  6.2
Invocations    | 4 5 |  5.3

Action                     |  1- 3 |  4- 6 |  7- 9 | 10-12 || total
---------------------------+-------+-------+-------+-------++-------
  Melee: Unarmed           |    69 |   122 |   181 |   292 ||   664
         Punch             |       |     3 |     7 |    23 ||    33
         Maw               |       |    12 |    62 |    97 ||   171
  Throw: Boomerang         |       |       |     1 |     3 ||     4
  Evoke: Wand              |       |       |     2 |     3 ||     5
    Use: Potion            |       |     1 |       |     2 ||     3
         Scroll            |       |       |    10 |     7 ||    17
   Stab: Sleeping          |     1 |     2 |     2 |     1 ||     6
 Armour: Animal skin       |    17 |     9 |       |       ||    26
         Skin              |       |    55 |    33 |    22 ||   110
  Dodge: Dodged            |    19 |    40 |    78 |   145 ||   282
  Block: Other             |    14 |    30 |    39 |    49 ||   132
         Reflection        |       |     3 |       |     5 ||     8
   Form: Maw               |       |     1 |       |       ||     1

Levels and vault maps discovered:
D:1:      dpeg_arrival_pits, layout_basic, serial_corexii_hall,
          corexii_hall_statues_s, corexii_hall_statues_i,
          corexii_hall_statues_i, corexii_hall_statues_deadend
D:2:      minmay_evil_eye, layout_basic, serial_co_window_serial,
          co_window_corner_a, co_window_corner_a, co_window_paths_b,
          co_window_paths_a, co_window_cross_1, co_window_paths_a,
          co_window_cross_1, co_window_unsneaky_path_e,
          co_window_of_opportunity_b, co_window_unsneaky_path_b,
          co_window_unsneaky_path_b, co_window_unsneaky_path_b,
          co_window_paths_e, glass_columns_a, glass_columns_b, glass_columns_b,
          glass_columns_c, kennysheep_flooded_box, uniq_natasha
D:3:      layout_basic, nicolae_ru_awakened_eye, uniq_sigmund,
          uniq_crazy_yiuf_cottage
D:4:      layout_cave_pods, uniq_edmund, uniq_duvessa, uniq_blork_the_orc,
          uniq_grinder
D:5:      layout_basic, slow_altar_1, ebering_ghost_sewer_f,
          hangedman_feature_mirror, feat_on_display
D:6:      layout_basic, nicolae_overflow_hidden_temple, serial_shops, shop,
          gup_ossuary_entry_pyramid, serial_bayou, serial_bayou_crossing,
          serial_bayou_shore_b, serial_bayou_lagoon_a, serial_bayou_ford_a,
          serial_bayou_pond_b, serial_bayou_lagoon_b
D:7:      layout_rooms, nicolae_uskayaw_dance_studio,
          grunt_dithmenos_smoke_and_mirrors, minmay_temple_entry_proselytizer,
          grunt_decor_arrowhead, grunt_ministairs_2,
          chequers_serial_rivers_room_b
D:8:      layout_rooms, nicolae_vehumet_altar_sigil,
          mainiacjoe_overflow_six_doors_small
D:9:      layout_basic, mainiacjoe_overflow_alcove_1, dpeg_lair_monsters,
          minmay_shop_damaged, uniq_joseph
D:10:     layout_grid_maze, mainiacjoe_overflow_catch_the_wave
D:11:     layout_roguey [special_room_orc], serial_shops, shop, kennysheep_mini,
          ebering_ghost_inner_flame, fedhas_ov_isle_minmay, uniq_urug
D:12:     minmay_blocking_statues, layout_basic, orc_0_dummy, uniq_lodul

Notes
Turn   | Place    | Note
-------+----------+-------------------------------------------
     0 | D:1      | AIAndy the Troll Shapeshifter began the quest for the Orb.
     0 | D:1      | Reached XP level 1. HP: 19/19 MP: 0/0
   222 | D:1      | Reached XP level 2. HP: 27/27 MP: 1/1
   737 | D:2      | Reached XP level 3. HP: 33/33 MP: 2/2
   761 | D:2      | Reached skill level 3 in Unarmed Combat
  1168 | D:2      | Noticed Natasha
  1174 | D:2      | Killed Natasha
  1175 | D:2      | Reached XP level 4. HP: 28/41 MP: 3/3
  1222 | D:2      | Noticed an ogre
  1230 | D:2      | Killed an ogre
  1231 | D:2      | Reached skill level 4 in Unarmed Combat
  1231 | D:2      | Reached skill level 4 in Shapeshifting
  1231 | D:2      | Reached XP level 5. HP: 48/48 MP: 4/4
  1350 | D:2      | Noticed Natasha
  1359 | D:2      | Killed Natasha
  1633 | D:2      | Noticed Natasha
  1660 | D:2      | Killed Natasha
  1903 | D:3      | Reached XP level 6. HP: 51/55 MP: 5/5
  2035 | D:3      | Noticed Sigmund
  2375 | D:4      | Noticed Dowan
  2375 | D:4      | Noticed Duvessa
  2477 | D:4      | Noticed Blork the orc
  2484 | D:4      | Killed Blork the orc
  2485 | D:4      | Reached skill level 5 in Shapeshifting
  2638 | D:4      | HP: 8/82 [orc/+0 club (3)]
  2643 | D:4      | HP: 8/82 [orc/+0 club (4)]
  2648 | D:4      | HP: 7/82 [orc/+0 trident (6)]
  2772 | D:4      | Killed Duvessa
  2773 | D:4      | Reached skill level 6 in Shapeshifting
  2773 | D:4      | Reached XP level 7. HP: 43/62 MP: 6/6
  2777 | D:4      | Killed Dowan
  3027 | D:4      | Noticed Edmund
  3154 | D:3      | Found a sacrificial altar of Ru.
  3290 | D:4      | Killed Edmund
  3335 | D:4      | Noticed Grinder
  3342 | D:4      | Paralysed by Grinder for 4 turns
  3348 | D:4      | Killed Grinder
  3349 | D:4      | Reached skill level 7 in Shapeshifting
  3467 | D:5      | Entered Level 5 of the Dungeon
  3470 | D:5      | Found a runed translucent door.
  3472 | D:5      | Noticed Tutankhamun's ghost (novice DsBe)
  3476 | D:5      | Found a snail-covered altar of Cheibriados.
  3482 | D:5      | Reached XP level 8. HP: 59/70 MP: 7/7
  3486 | D:5      | Became a worshipper of Cheibriados the Contemplative
  3574 | D:5      | Reached skill level 8 in Shapeshifting
  3649 | D:5      | Found a glowing silver altar of Zin.
  3725 | D:5      | Found a runed translucent door.
  3767 | D:5      | Found a glowing silver altar of Zin.
  4196 | D:6      | Reached skill level 9 in Shapeshifting
  4242 | D:6      | Found Boekitz's General Store.
  4254 | D:6      | Identified the +7 sling "Gestrepp" {speed, Will+ rCorr}
  4267 | D:6      | Found a shimmering altar of Xom.
  4531 | D:6      | Reached * piety under Cheibriados
  4597 | D:6      | Reached XP level 9. HP: 76/76 MP: 8/8
  4940 | D:6      | Reached skill level 10 in Shapeshifting
  5172 | D:7      | Found a staircase to the Ecumenical Temple.
  5409 | D:7      | Found a hide-covered altar of Uskayaw.
  5556 | D:7      | Found a shadowy altar of Dithmenos.
  5738 | D:8      | Reached skill level 11 in Shapeshifting
  5819 | D:8      | Found a stormy altar of Qazlal.
  5824 | D:8      | Reached ** piety under Cheibriados
  5825 | D:8      | Found a radiant altar of Vehumet.
  6274 | D:9      | Found Gegy's Lightly-Used Armoury.
  6296 | D:9      | Noticed Joseph
  6310 | D:9      | Killed Joseph
  6311 | D:9      | Reached skill level 12 in Shapeshifting
  6311 | D:9      | Reached XP level 10. HP: 23/85 MP: 9/9
  6531 | D:9      | Found a blossoming altar of Fedhas.
  6537 | D:9      | Noticed a death yak
  6541 | D:9      | Reached *** piety under Cheibriados
  6542 | D:9      | Noticed a death yak
  6542 | D:9      | Noticed a death yak
  6548 | D:9      | Killed a death yak
  6559 | D:9      | Killed a death yak
  6560 | D:9      | Reached skill level 13 in Shapeshifting
  6571 | D:9      | Killed a death yak
  6572 | D:9      | Reached skill level 2 in Fighting
  6572 | D:9      | Reached skill level 2 in Dodging
  6572 | D:9      | Reached skill level 5 in Unarmed Combat
  6592 | D:9      | Found a staircase to the Lair.
  6592 | D:9      | Noticed a two-headed ogre
  6608 | D:9      | Killed a two-headed ogre
  6609 | D:9      | Reached skill level 3 in Fighting
  6609 | D:9      | Reached skill level 3 in Dodging
  6610 | D:9      | Paralysed by a hornet for 2 turns
  7409 | D:10     | Entered Level 10 of the Dungeon
  7561 | D:10     | Reached skill level 6 in Unarmed Combat
  7572 | D:10     | Noticed a purple ugly thing
  7579 | D:10     | Killed a purple ugly thing
  7580 | D:10     | Reached XP level 11. HP: 97/97 MP: 10/10
  7598 | D:10     | Found an iron altar of Okawaru.
  7631 | D:10     | Found a glowing silver altar of Zin.
  7692 | D:10     | Reached **** piety under Cheibriados
  8300 | D:11     | Reached skill level 1 in Invocations
  8372 | D:11     | Noticed Urug
  8381 | D:11     | Killed Urug
  8382 | D:11     | Reached skill level 4 in Fighting
  8382 | D:11     | Reached skill level 4 in Dodging
  8385 | D:11     | Noticed a green ugly thing
  8387 | D:11     | Reached skill level 2 in Invocations
  8401 | D:11     | Killed a green ugly thing
  8443 | D:11     | Found Zupaap's General Store.
  8446 | D:11     | Bought a potion of degeneration for 16 gold pieces
  8459 | D:11     | Reached skill level 7 in Unarmed Combat
  8537 | D:11     | Noticed a two-headed ogre
  8544 | D:11     | Killed a two-headed ogre
  8545 | D:11     | Reached skill level 3 in Invocations
  8613 | D:11     | Noticed an orc knight
  8626 | D:11     | Reached skill level 5 in Fighting
  8633 | D:11     | Reached skill level 5 in Dodging
  8635 | D:11     | Reached ***** piety under Cheibriados
  8641 | D:11     | Killed an orc knight
  8838 | D:11     | Found Nyfec's Assorted Antiques.
  8846 | D:11     | Bought a wooden ring for 115 gold pieces
  9014 | D:11     | Found a runed translucent door.
  9014 | D:11     | Noticed Beaer's ghost (journeyman OpBr)
  9083 | D:11     | Killed Beaer's ghost
  9084 | D:11     | Reached skill level 4 in Invocations
  9183 | D:11     | Found a blossoming altar of Fedhas.
  9284 | D:12     | Noticed a green ugly thing
  9289 | D:12     | Killed a green ugly thing
  9289 | D:12     | Noticed a skeletal warrior
  9290 | D:12     | Reached skill level 8 in Unarmed Combat
  9290 | D:12     | Reached XP level 12. HP: 111/111 MP: 14/14
  9466 | D:12     | Noticed a two-headed ogre
  9474 | D:12     | HP: 7/113 [two-headed ogre/+0 giant club (16)]
  9475 | D:12     | Killed a two-headed ogre
  9476 | D:12     | Reached skill level 6 in Fighting
  9476 | D:12     | Reached skill level 5 in Invocations
  9598 | D:12     | Reached skill level 6 in Dodging
  9711 | D:12     | Identified the +0 halberd "Dijuy" {venom, Drain +Blink
                  | Dex+3}
  9751 | D:12     | HP: 5/114 [red ugly thing (11)]
  9751 | D:12     | Mangled by a red ugly thing

Vanquished Creatures
  3 two-headed ogres
  The ghost of Beaer the Covert, a journeyman OpBr of Okawaru (D:11)
  3 death yaks (D:9)
  Urug (D:11)
  A skeletal warrior (D:12)
  An orc knight (D:11)
  A cyclops (D:11)
  3 ugly things
  A manticore (D:11)
  Joseph (D:9)
  3 gargoyles (D:11)
  A komodo dragon (D:11)
  A hornet (D:9)
  2 trolls
  Grinder (D:4)
  11 slime creatures (D:12)
  A vampire (D:11)
  15 yaks
  2 wyverns
  3 steam dragons
  Edmund (D:4)
  Duvessa (D:4)
  An ice beast (D:8)
  A sky beast (D:6)
  2 black bears
  8 orc warriors
  5 ogres
  6 centaurs
  A kobold brigand (D:7)
  3 bullfrogs
  Blork the orc (D:4)
  A gnoll sergeant (D:6)
  2 scorpions
  8 wights
  Dowan (D:4)
  11 killer bees
  3 electric eels (D:6)
  A howler monkey (D:9)
  A lava snake (D:10)
  3 hounds
  4 jellies
  10 orc priests
  An iron imp (D:5)
  2 sleepcaps (D:6)
  3 iguanas
  4 hell rats (D:9)
  13 orc wizards
  Natasha (thrice) (D:2)
  A mummy (D:6)
  3 gnolls (D:6)
  A river rat (D:9)
  7 adders
  A shadow imp (D:7)
  A white imp (D:6)
  2 ufetubi
  2 worms (D:2)
  42 orcs
  7 bats
  8 endoplasms
  2 giant cockroaches (D:1)
  6 goblins
  8 hobgoblins
  4 jackals (D:4)
  6 quokkas
  5 ball pythons
  5 frilled lizards
  7 kobolds
  5 rats
280 creatures vanquished.

Vanquished Creatures (others)
  2 orcs (D:6)
2 creatures vanquished.

Grand Total: 282 creatures vanquished

Table legend: (Time is in decaauts)
 A = Elapsed time spent in this place.
 B = Non-inter-level travel time spent in this place.
 C = Inter-level travel time spent in this place.
 D = Time resting spent in this place.
 E = Time spent auto-exploring this place.
 F = Levels seen in this place.
 G = Mean time per level.
                   A        B        C        D        E       F      G
               +--------+--------+--------+--------+--------+-----+--------+
         Total |  12306 |  11698 |    608 |    266 |   9087 |  12 | 1025.5 |
       Dungeon |  12306 |  11698 |    608 |    266 |   9087 |  12 | 1025.5 |
               +--------+--------+--------+--------+--------+-----+--------+

Top non-repeatable levels by time:
     D:9: 1778 daAuts
    D:11: 1522 daAuts
    D:10: 1311 daAuts
     D:6: 1284 daAuts
     D:2: 1079 daAuts
     D:5: 871 daAuts
     D:4: 860 daAuts
     D:3: 798 daAuts
     D:8: 750 daAuts
     D:1: 724 daAuts
    D:12: 674 daAuts
     D:7: 649 daAuts

Table legend:
 A = Non-vault XP
 B = Vault XP
 C = Vault XP percentage of total XP
 D = Non-vault monster count
 E = Vault monster count
 F = Vault count percentage of total count
                 A         B        C        D         E       F
            +---------+---------+-------+---------+---------+-------
      Total |   18831 |    9817 |  34.3 |     214 |      66 |  23.6
            +---------+---------+-------+---------+---------+-------
        D:1 |      37 |       0 |   0.0 |      20 |       0 |   0.0
        D:2 |     267 |      54 |  16.8 |      26 |       4 |  13.3
        D:3 |      68 |       0 |   0.0 |      14 |       0 |   0.0
        D:4 |     225 |     747 |  76.9 |      22 |       5 |  18.5
        D:5 |     481 |      95 |  16.5 |      10 |       3 |  23.1
        D:6 |     808 |     309 |  27.7 |      17 |       5 |  22.7
        D:7 |     101 |     287 |  74.0 |       3 |       6 |  66.7
        D:8 |    1512 |       0 |   0.0 |      22 |       0 |   0.0
        D:9 |    2846 |    3081 |  52.0 |      27 |      12 |  30.8
       D:10 |     929 |       0 |   0.0 |      10 |       0 |   0.0
       D:11 |    5983 |    3920 |  39.6 |      18 |      29 |  61.7
       D:12 |    5574 |    1324 |  19.2 |      25 |       2 |   7.4
            +---------+---------+-------+---------+---------+-------
